 Dungeon Crawl Stone Soup version 0.26.1-2-gb8aa6d0cf2 (webtiles) character file.

Game seed: 17559081654807315560

364 Gadfly the Skirmisher (level 6, -2/62 HPs)
             Began as an Ogre Monk on Feb 11, 2021.
             Slain by an orc warrior
             ... wielding a +0 scimitar
              (15 damage)
             ... on level 4 of the Dungeon.
             The game lasted 00:05:50 (3813 turns).

Gadfly the Skirmisher (Ogre Monk)                   Turns: 3813, Time: 00:05:50

Health: -2/62      AC:  3    Str: 18    XL:     6   Next: 67%
Magic:  8/8        EV: 14    Int: 11    God:
Gold:   191        SH:  0    Dex: 11    Spells: 5/5 levels left

rFire    . . .     SeeInvis .   a - +0 flail
rCold    . . .     Faith    .   (no shield)
rNeg     . . .     Spirit   .   b - +0 robe
rPois    .         Reflect  .   (helmet restricted)
rElec    .         Harm     .   (no cloak)
rCorr    .         Rampage  .   (gloves unavailable)
Will     .....                  (boots unavailable)
Stlth    ++........             j - amulet of regeneration
HPRegen  0.60/turn              c - +4 ring of evasion
MPRegen  0.11/turn              (no ring)

@: mighty
A: large, unfitting armour, tough skin 1
a: no special abilities


You were on level 4 of the Dungeon.
You visited 1 branch of the dungeon, and saw 4 of its levels.

You collected 191 gold pieces.

Inventory:

Hand Weapons
 a - a +0 flail (weapon)
Missiles
 h - 7 boomerangs (quivered)
Armour
 b - a +0 robe (worn)
Jewellery
 c - a +4 ring of evasion (left hand)
 j - an amulet of regeneration (around neck)
Scrolls
 d - 3 scrolls of identify
 i - a scroll of teleportation
 k - 2 scrolls of remove curse {unknown}
Potions
 f - a potion of cancellation
 g - a potion of might


   Skills:
 - Level 4.0 Fighting
 + Level 3.3 Maces & Flails
 * Level 2.9 Throwing
 * Level 2.3 Armour
 - Level 2.6 Dodging
 - Level 1.4 Stealth
 * Level 3.1 Invocations
 * Level 2.1 Evocations


You had 5 spell levels left.
You didn't know any spells.
Your spell library was empty.

Dungeon Overview and Level Annotations

Branches:
Dungeon (4/15)
 Temple: D:4-7

Altars:


Innate Abilities, Weirdness & Mutations

You are too large for most types of armour.
You have tough skin. (AC +1)


Message History

You feel very mighty all of a sudden.
The orc warrior hits you with a +0 scimitar!!
You bludgeon the orc!!
You kill the orc!
The orc warrior hits you with a +0 scimitar!
* * * LOW HITPOINT WARNING * * *
You thump the orc!
You kill the orc!
The orc warrior barely misses you.
It was a potion of curing.
You feel better. The orc warrior closely misses you.
You barely miss the orc. The orc misses you.
The orc warrior hits you with a +0 scimitar!
* * * LOW HITPOINT WARNING * * *
The orc hits you with a +0 hand axe.
* * * LOW HITPOINT WARNING * * *
Okay, then.
The orc closely misses you. The orc hits you but does no damage.
The orc warrior hits you with a +0 scimitar!
You die...

+..................
####.#.............
#.#.............
#+########.#.............
......#....#.............
#...####.............
#...+ ..............
#...###.........†....
#..o@................
#..o###..............
#...# ............ #...#
........... #####
........... ...........
........... ...........
..........


You could see an orc warrior and an orc.

Vanquished Creatures
  A howler monkey (D:4)
  An orc priest (D:2)
  2 worker ants (D:4)
  3 orc wizards (D:3)
  A hound skeleton (D:4)
  3 adders (D:3)
  2 worms (D:3)
  A dart slug (D:1)
  2 leopard geckos (D:4)
  12 orcs
  8 giant cockroaches
  10 goblins
  10 hobgoblins
  3 jackals (D:3)
  11 kobolds
  2 quokkas
  3 ball pythons
  14 bats
  11 frilled lizards
  10 rats
110 creatures vanquished.

Notes
Turn   | Place    | Note
-------+----------+-------------------------------------------
     0 | D:1      | Gadfly the Ogre Monk began the quest for the Orb.
     0 | D:1      | Reached XP level 1. HP: 24/24 MP: 1/1
   174 | D:1      | Reached XP level 2. HP: 6/32 MP: 2/2
   861 | D:1      | Reached skill level 1 in Invocations
   933 | D:1      | Reached XP level 3. HP: 39/39 MP: 3/3
   950 | D:1      | Reached skill level 1 in Throwing
  1117 | D:1      | Reached skill level 1 in Armour
  1241 | D:1      | You fall into a shaft and drop 1 floor!
  1882 | D:2      | Reached skill level 1 in Evocations
  1934 | D:2      | Reached XP level 4. HP: 48/48 MP: 4/4
  2536 | D:3      | Reached XP level 5. HP: 51/54 MP: 6/6
  3051 | D:3      | Reached XP level 6. HP: 50/62 MP: 6/8
  3797 | D:4      | Noticed an orc warrior
  3813 | D:4      | Slain by an orc warrior

Illustrated notes

Levels and vault maps discovered:
D:1:      ncdulo_smallfort, layout_loops_ring
D:2:      layout_loops_ring
D:3:      layout_basic
D:4:      layout_basic, uniq_duvessa

Skill      XL: |  1  2  3  4  5  6 |
---------------+-------------------+-----
Invocations    | 1 2 3 |  3.1
Throwing       | 1 2 |  2.9
Armour         | 1 2 |  2.3
Evocations     | 1 2 |  2.1
Maces & Flails | 3 |  3.3
Fighting       | |  4.0
Dodging        | |  2.6
Stealth        | |  1.4

Action                   |  1- 3 |  4- 6 || total
-------------------------+-------+-------++-------
Melee: Mace              |   168 |   145 ||   313
       Flail             |       |    50 ||    50
Throw: Stone             |    10 |       ||    10
       Boomerang         |     6 |    38 ||    44
  Use: Scroll            |     2 |     3 ||     5
       Potion            |       |     5 ||     5
 Stab: Sleeping          |     7 |       ||     7
Armor: Robe              |    47 |    37 ||    84
Dodge: Dodged            |   154 |   180 ||   334
